PA
PROVO MANGO @ IDAHO FALLS CHUKARS
08/17/2032
 
TOP OF THE 1ST
Provo Mango batting - Pitching for Idaho Falls Chukars : LHP Phillam Alindogan
Pitching: LHP Phillam Alindogan
Batting: RHB Daniel Woods 0-0: Ball
1-0: Foul Ball, location: 2F
1-1: Foul Ball, location: 2F
1-2: Ball
2-2: Fly out, F8 (Flyball, 8LD)
Batting: LHB Tom Haymon 0-0: Ball
1-0: Ball
2-0: Ball
3-0: Called Strike
3-1: Called Strike
3-2: Base on Balls
Batting: RHB Freedon Akinmoladun 0-0: Ball
1-0: Foul Ball, location: 2F
1-1: Called Strike
1-2: Strikes out looking
Batting: RHB Alfonso Cabedo 0-0: Ball
1-0: Ball
2-0: Called Strike
2-1: Swinging Strike
2-2: Foul Ball, location: 2F
2-2: Ball
3-2: Base on Balls
Tom Haymon to second
Batting: LHB Juan Ramírez 0-0: Ball
1-0: Ball
2-0: Ball
3-0: Called Strike
3-1: Base on Balls
Tom Haymon to third
Alfonso Cabedo to second
Batting: RHB Rocky Zolman 0-0: Ball
1-0: Swinging Strike
1-1: Foul Ball, location: 2F
1-2: Strikes out swinging
Top of the 1st over - 0 runs, 0 hits, 0 errors, 3 left on base; Provo 0 - Idaho Falls 0
BOTTOM OF THE 1ST
Idaho Falls Chukars batting - Pitching for Provo Mango : RHP Dennis Blanchard
Pitching: RHP Dennis Blanchard
Batting: RHB James Cooper 0-0: Ground out 4-3 (Groundball, 4M)
Batting: RHB Pedro Martínez 0-0: Called Strike
0-1: Ball
1-1: Called Strike
1-2: Foul Ball, location: 2F
1-2: Ball
2-2: Foul Ball, location: 2F
2-2: Strikes out looking
Batting: RHB Olaf Esveld 0-0: Foul Ball, location: 2F
0-1: Ball
1-1: Ball
2-1: SINGLE (Flyball, 7LS)
Batting: RHB Cooper Lowe 0-0: Swinging Strike
0-1: Called Strike
0-2: Strikes out looking
Bottom of the 1st over - 0 runs, 1 hit, 0 errors, 1 left on base; Provo 0 - Idaho Falls 0
TOP OF THE 2ND
Provo Mango batting - Pitching for Idaho Falls Chukars : LHP Phillam Alindogan
Batting: LHB Matt Palmer 0-0: Called Strike
0-1: Ground out 6-3 (Groundball, 6)
Batting: RHB Alejandro Mingo 0-0: Ball
1-0: Swinging Strike
1-1: Swinging Strike
1-2: Ball
2-2: Ball
3-2: Foul Ball, location: 2F
3-2: Strikes out swinging
Batting: LHB Bartolo Vega 0-0: Swinging Strike
0-1: Ball
1-1: Called Strike
1-2: SOLO HOME RUN (Flyball, 9LD), Distance : 376 ft
Batting: RHB Daniel Woods 0-0: Ball
1-0: Ball
2-0: Called Strike
2-1: Ball
3-1: Called Strike
3-2: Base on Balls
Batting: LHB Tom Haymon 0-0: Called Strike
0-1: Reached on error, E3 (Groundball, 34S)
Daniel Woods to second
Batting: RHB Freedon Akinmoladun 0-0: Ball
1-0: Ball
2-0: Foul Ball, location: 2F
2-1: Called Strike
2-2: Strikes out looking
Top of the 2nd over - 1 run, 1 hit, 1 error, 2 left on base; Provo 1 - Idaho Falls 0
BOTTOM OF THE 2ND
Idaho Falls Chukars batting - Pitching for Provo Mango : RHP Dennis Blanchard
Batting: RHB Fontana Contaldo 0-0: Ball
1-0: Ball
2-0: Ball
3-0: Base on Balls
Batting: RHB Paul Evison 0-0: Ball
1-0: Called Strike
1-1: Ball
2-1: Called Strike
2-2: Foul Ball, location: 2F
2-2: Strikes out looking
Batting: LHB Mike Zaugg 0-0: Swinging Strike
0-1: Ball
1-1: Ball
2-1: DOUBLE (Line Drive, 7D)
Fontana Contaldo to third
Runner from 3rd tries for Home, SAFE, no throw
Batting: RHB José Vargas 0-0: Ball
1-0: Foul Ball, location: 2F
1-1: Foul Ball, location: 2F
1-2: Strikes out swinging
Batting: SHB Jorge Díaz 0-0: Foul Ball, location: 2F
0-1: Foul Ball, location: 2F
0-2: Foul Ball, location: 2F
0-2: Ball
1-2: Strikes out looking
Bottom of the 2nd over - 1 run, 1 hit, 0 errors, 1 left on base; Provo 1 - Idaho Falls 1
TOP OF THE 3RD
Provo Mango batting - Pitching for Idaho Falls Chukars : LHP Phillam Alindogan
Batting: RHB Alfonso Cabedo 0-0: Called Strike
0-1: Ball
1-1: SINGLE (Line Drive, 6MD)
Batting: LHB Juan Ramírez 0-0: Called Strike
Alfonso Cabedo steals 2nd base
0-1: Ball
1-1: Called Strike
1-2: SINGLE (Line Drive, 89S)
Alfonso Cabedo to third
Runner from 3rd tries for Home, SAFE, throw made home
Batting: RHB Rocky Zolman 0-0: Called Strike
Juan Ramírez steals 2nd base
0-1: Ball
1-1: Ball
2-1: Ball
3-1: Ground out 6-3 (Groundball, 6)
Pitching: RHP Simon Wolston
Batting: LHB Matt Palmer 0-0: Foul Ball, location: 2F
0-1: SINGLE (Line Drive, 9LS)
Juan Ramírez to third
Runner from 3rd tries for Home, SAFE, no throw
Batting: RHB Alejandro Mingo 0-0: Called Strike
0-1: Fly out, F5 (Popup, 6S)
Batting: LHB Bartolo Vega 0-0: Ball
Matt Palmer steals 2nd base
1-0: Ground out 4-3 (Groundball, 4)
Top of the 3rd over - 2 runs, 3 hits, 0 errors, 1 left on base; Provo 3 - Idaho Falls 1
BOTTOM OF THE 3RD
Idaho Falls Chukars batting - Pitching for Provo Mango : RHP Dennis Blanchard
Batting: RHB James Cooper 0-0: Fly out, F7 (Flyball, 7LS)
Batting: RHB Pedro Martínez 0-0: Ball
1-0: Ball
2-0: Called Strike
2-1: Foul Ball, location: 2F
2-2: Foul Ball, location: 2F
2-2: Ground out 6-3 (Groundball, 6)
Batting: RHB Olaf Esveld 0-0: Ball
1-0: Called Strike
1-1: Ball
2-1: Fly out, F7 (Flyball, 7)
Bottom of the 3rd over - 0 runs, 0 hits, 0 errors, 0 left on base; Provo 3 - Idaho Falls 1
TOP OF THE 4TH
Provo Mango batting - Pitching for Idaho Falls Chukars : RHP Simon Wolston
Batting: RHB Daniel Woods 0-0: Ball
1-0: Ball
2-0: DOUBLE (Line Drive, 78XD)
Batting: LHB Tom Haymon 0-0: Ball
1-0: Called Strike
1-1: Ball
2-1: Ball
3-1: Base on Balls
Batting: RHB Freedon Akinmoladun 0-0: Ball
1-0: 3-RUN HOME RUN (Flyball, 7D), Distance : 407 ft
Batting: RHB Alfonso Cabedo 0-0: Swinging Strike
0-1: Ball
1-1: Foul Ball, location: 2F
1-2: Ball
2-2: SOLO HOME RUN (Line Drive, 9D), Distance : 396 ft
Pitching: RHP Raúl Sánchez
Batting: LHB Juan Ramírez 0-0: Swinging Strike
0-1: Foul Ball, location: 2F
0-2: Ball
1-2: Strikes out swinging
Batting: RHB Rocky Zolman 0-0: Ball
1-0: Fly out, F6 (Flyball, 56D)
Batting: LHB Matt Palmer 0-0: Called Strike
0-1: Called Strike
0-2: Ground out U3 (Groundball, 3)
Top of the 4th over - 4 runs, 3 hits, 0 errors, 0 left on base; Provo 7 - Idaho Falls 1
BOTTOM OF THE 4TH
Idaho Falls Chukars batting - Pitching for Provo Mango : RHP Dennis Blanchard
Batting: RHB Cooper Lowe 0-0: Foul Ball, location: 2F
0-1: Swinging Strike
0-2: Foul Ball, location: 2F
0-2: Foul Ball, location: 2F
0-2: Foul Ball, location: 2F
0-2: Strikes out swinging
Batting: RHB Fontana Contaldo 0-0: Foul Ball, location: 2F
0-1: Ball
1-1: Swinging Strike
1-2: Strikes out looking
Batting: RHB Paul Evison 0-0: Ball
1-0: Called Strike
1-1: Ball
2-1: Foul Ball, location: 2F
2-2: Foul Ball, location: 2F
2-2: Ball
3-2: Fly out, F9 (Flyball, 9LM)
Bottom of the 4th over - 0 runs, 0 hits, 0 errors, 0 left on base; Provo 7 - Idaho Falls 1
TOP OF THE 5TH
Provo Mango batting - Pitching for Idaho Falls Chukars : RHP Raúl Sánchez
Batting: RHB Alejandro Mingo 0-0: Called Strike
0-1: Ball
1-1: Foul Ball, location: 2F
1-2: Ball
2-2: Foul Ball, location: 2F
2-2: Foul Ball, location: 2F
2-2: Ball
3-2: Strikes out swinging
Batting: LHB Bartolo Vega 0-0: Called Strike
0-1: Called Strike
0-2: Foul Ball, location: 2F
0-2: Ball
1-2: Ball
2-2: Ball
3-2: SINGLE (Groundball, 34S) (infield hit)
Batting: RHB Daniel Woods 0-0: Ball
1-0: Ball
2-0: DOUBLE (Line Drive, 7LM)
Bartolo Vega to third
Batting: LHB Tom Haymon 0-0: Ball
1-0: Ball
2-0: Swinging Strike
2-1: Swinging Strike
2-2: Foul Ball, location: 2F
2-2: Ball
3-2: Base on Balls
Batting: RHB Freedon Akinmoladun 0-0: Ball
1-0: DOUBLE (Line Drive, 78D)
Bartolo Vega scores
Daniel Woods scores
Tom Haymon to third
Runner from 3rd tries for Home, SAFE, no throw
Batting: RHB Alfonso Cabedo 0-0: Called Strike
0-1: Ball
1-1: Foul Ball, location: 2F
1-2: DOUBLE (Flyball, 8RXD)
Freedon Akinmoladun scores
Batting: LHB Juan Ramírez 0-0: Called Strike
0-1: Fly out, F7 (Flyball, 7S)
Batting: RHB Rocky Zolman 0-0: Called Strike
0-1: Called Strike
0-2: Fly out, F7 (Flyball, 78D)
Top of the 5th over - 4 runs, 4 hits, 0 errors, 1 left on base; Provo 11 - Idaho Falls 1
BOTTOM OF THE 5TH
Idaho Falls Chukars batting - Pitching for Provo Mango : RHP Dennis Blanchard
Batting: LHB Mike Zaugg 0-0: Called Strike
0-1: Swinging Strike
0-2: Ball
1-2: Strikes out swinging
Batting: RHB José Vargas 0-0: Ball
1-0: Fly out, F8 (Flyball, 78D)
Batting: SHB Jorge Díaz 0-0: Called Strike
0-1: Ball
1-1: Foul Ball, location: 2F
1-2: Foul Ball, location: 2F
1-2: Strikes out looking
Bottom of the 5th over - 0 runs, 0 hits, 0 errors, 0 left on base; Provo 11 - Idaho Falls 1
TOP OF THE 6TH
Provo Mango batting - Pitching for Idaho Falls Chukars : RHP Raúl Sánchez
Batting: LHB Matt Palmer 0-0: Ball
1-0: Swinging Strike
1-1: Foul Ball, location: 2F
1-2: Ball
2-2: Ball
3-2: Strikes out swinging
Batting: RHB Alejandro Mingo 0-0: Ball
1-0: Ball
2-0: Called Strike
2-1: Ball
3-1: Foul Ball, location: 2F
3-2: Base on Balls
Batting: LHB Bartolo Vega 0-0: Swinging Strike
0-1: Ball
1-1: Ball
2-1: Foul Ball, location: 2F
2-2: SINGLE (Groundball, 56D)
Alejandro Mingo to second
Batting: RHB Daniel Woods 0-0: Called Strike
0-1: Ball
1-1: Ball
2-1: Swinging Strike
2-2: Strikes out swinging
Pitching: RHP Dan Gill
Batting: LHB Tom Haymon 0-0: Foul Ball, location: 2F
0-1: Ball
1-1: Ball
2-1: Foul Ball, location: 2F
2-2: Ball
3-2: Fly out, F9 (Flyball, 9D)
Top of the 6th over - 0 runs, 1 hit, 0 errors, 2 left on base; Provo 11 - Idaho Falls 1
BOTTOM OF THE 6TH
Idaho Falls Chukars batting - Pitching for Provo Mango : RHP Dennis Blanchard
Batting: RHB James Cooper 0-0: Called Strike
0-1: Foul Ball, location: 2F
0-2: Ball
1-2: Foul Ball, location: 2F
1-2: Strikes out swinging
Batting: RHB Pedro Martínez 0-0: Ball
1-0: Ball
2-0: Foul Ball, location: 2F
2-1: Ball
3-1: Base on Balls
Batting: RHB Olaf Esveld 0-0: Ball
1-0: Ball
2-0: Foul Ball, location: 2F
2-1: Ground out 5-3 (Groundball, 56S)
Pedro Martínez to second
Batting: RHB Cooper Lowe 0-0: SINGLE (Groundball, 6D)
Pedro Martínez to third
Runner from 3rd tries for Home, SAFE, no throw
Batting: RHB Fontana Contaldo 0-0: Ball
1-0: Ball
2-0: Foul Ball, location: 2F
2-1: Foul Ball, location: 2F
2-2: Ball
3-2: Foul Ball, location: 2F
3-2: Ground out 4-3 (Groundball, 4)
Bottom of the 6th over - 1 run, 1 hit, 0 errors, 1 left on base; Provo 11 - Idaho Falls 2
TOP OF THE 7TH
Provo Mango batting - Pitching for Idaho Falls Chukars : RHP Dan Gill
Batting: RHB Freedon Akinmoladun 0-0: Called Strike
0-1: Ball
1-1: Foul Ball, location: 2F
1-2: Ball
2-2: Strikes out swinging
Batting: RHB Alfonso Cabedo 0-0: DOUBLE (Line Drive, 78XD)
Batting: LHB Juan Ramírez 0-0: Ball
1-0: Ball
2-0: Ball
3-0: Called Strike
3-1: Foul Ball, location: 2F
3-2: Foul Ball, location: 2F
3-2: Foul Ball, location: 2F
3-2: SINGLE (Groundball, 6D)
Alfonso Cabedo to third
Runner from 3rd tries for Home, SAFE, no throw
Batting: RHB Rocky Zolman 0-0: Called Strike
0-1: Called Strike
0-2: Strikes out swinging
Batting: LHB Matt Palmer 0-0: Foul Ball, location: 2F
0-1: Called Strike
0-2: Ground out 3-1 (Groundball, 34)
Top of the 7th over - 1 run, 2 hits, 0 errors, 1 left on base; Provo 12 - Idaho Falls 2
BOTTOM OF THE 7TH
Idaho Falls Chukars batting - Pitching for Provo Mango : RHP Dennis Blanchard
Batting: RHB Paul Evison 0-0: Called Strike
0-1: Foul Ball, location: 2F
0-2: Ball
1-2: Foul Ball, location: 2F
1-2: Ball
2-2: Strikes out swinging
Batting: LHB Mike Zaugg 0-0: Ball
1-0: DOUBLE (Groundball, 3L)
Pinch Hitting: RHB Juan Sánchez 0-0: SINGLE (Groundball, 56D)
Mike Zaugg to third
Runner from 3rd tries for Home, SAFE, no throw
Batting: SHB Jorge Díaz 0-0: Foul Ball, location: 2F
0-1: Foul Ball, location: 2F
0-2: Ball
1-2: Foul Ball, location: 2F
1-2: Ball
2-2: Strikes out looking
Pitching: RHP Nam-shik Kwak
Batting: RHB James Cooper 0-0: Ball
1-0: Ball
2-0: Called Strike
2-1: Foul Ball, location: 2F
2-2: Ball
3-2: Base on Balls
Juan Sánchez to second
Batting: RHB Pedro Martínez 0-0: Swinging Strike
0-1: Ball
1-1: Foul Ball, location: 2F
1-2: Ball
2-2: Ball
3-2: Base on Balls
Juan Sánchez to third
James Cooper to second
Batting: RHB Olaf Esveld 0-0: Ball
1-0: Called Strike
1-1: Foul Ball, location: 2F
1-2: Ball
2-2: Fly out, F6 (Line Drive, 6)
Bottom of the 7th over - 1 run, 2 hits, 0 errors, 3 left on base; Provo 12 - Idaho Falls 3
TOP OF THE 8TH
Provo Mango batting - Pitching for Idaho Falls Chukars : RHP Dan Gill
Now in RF: Juan Sánchez
Batting: RHB Alejandro Mingo 0-0: Called Strike
0-1: Ball
1-1: Ball
2-1: Ball
3-1: Foul Ball, location: 2F
3-2: Strikes out looking
Batting: LHB Bartolo Vega 0-0: Ball
1-0: Ball
2-0: Foul Ball, location: 2F
2-1: Foul Ball, location: 2F
2-2: Foul Ball, location: 2F
2-2: Foul Ball, location: 2F
2-2: Strikes out swinging
Batting: RHB Daniel Woods 0-0: Foul Ball, location: 2F
0-1: SINGLE (Groundball, 56D)
Batting: LHB Tom Haymon 0-0: Ball
1-0: Called Strike
1-1: Foul Ball, location: 2F
1-2: Strikes out looking
Top of the 8th over - 0 runs, 1 hit, 0 errors, 1 left on base; Provo 12 - Idaho Falls 3
BOTTOM OF THE 8TH
Idaho Falls Chukars batting - Pitching for Provo Mango : RHP Nam-shik Kwak
Batting: RHB Cooper Lowe 0-0: Fly out, F9 (Flyball, 9S)
Batting: RHB Fontana Contaldo 0-0: Swinging Strike
0-1: Swinging Strike
0-2: Ball
1-2: Ball
2-2: Foul Ball, location: 2F
2-2: Strikes out swinging
Batting: RHB Paul Evison 0-0: Ball
1-0: Ball
2-0: SINGLE (Line Drive, 78S)
Batting: LHB Mike Zaugg 0-0: Called Strike
0-1: Ball
1-1: Swinging Strike
1-2: Ball
2-2: Ball
3-2: Ground out 4-3 (Groundball, 4M)
Bottom of the 8th over - 0 runs, 1 hit, 0 errors, 1 left on base; Provo 12 - Idaho Falls 3
TOP OF THE 9TH
Provo Mango batting - Pitching for Idaho Falls Chukars : RHP Dan Gill
Batting: RHB Freedon Akinmoladun 0-0: Ball
1-0: Foul Ball, location: 2F
1-1: Fly out, F4 (Line Drive, 34)
Batting: RHB Alfonso Cabedo 0-0: Ball
1-0: Fly out, F9 (Flyball, 9)
Pinch Hitting: RHB Martin van Veldhuizen 0-0: Ball
1-0: Called Strike
1-1: Ball
2-1: Reached on error, E4 (Groundball, 4M)
Batting: RHB Rocky Zolman 0-0: Called Strike
0-1: SINGLE (Groundball, 6D)
Martin van Veldhuizen to third
Runner from 3rd tries for Home, SAFE, no throw
Batting: LHB Matt Palmer 0-0: Ball
1-0: Ball
2-0: Foul Ball, location: 2F
2-1: Swinging Strike
2-2: SINGLE (Line Drive, 34D)
Rocky Zolman to second
Batting: RHB Alejandro Mingo 0-0: Foul Ball, location: 2F
0-1: Fly out, F8 (Flyball, 8LS)
Top of the 9th over - 1 run, 2 hits, 1 error, 2 left on base; Provo 13 - Idaho Falls 3
BOTTOM OF THE 9TH
Idaho Falls Chukars batting - Pitching for Provo Mango : RHP Nam-shik Kwak
Now in RF: Louis Tison
Batting: RHB Juan Sánchez 0-0: Ground out 5-3 (Groundball, 56)
Batting: SHB Jorge Díaz 0-0: Ball
1-0: Ground out 3-1 (Groundball, 3S)
Batting: RHB James Cooper 0-0: Ball
1-0: Ground out 4-3 (Groundball, 4)
Bottom of the 9th over - 0 runs, 0 hits, 0 errors, 0 left on base; Provo 13 - Idaho Falls 3
Wednesday, September 19th, 2018 - OOTP Baseball 18.8 Build 76